[Event "2022 Norbert Muller Cup (Division B)"]
[Site "Woodvale, Perth WA AUS"]
[Date "2022.10.19"]
[Round "2"]
[White "Stortz, Robert"]
[Black "Gough, Dylan"]
[Result "1-0"]
[EventDate "2022.10.12"]
[EventType "tourn"]
[EventRounds "7"]
[EventCountry "AUS"]
[TimeControl "3600+30"]
[WhiteElo "1838"]
[BlackElo "1727"]
[ECO "D02"]
[PlyCount "91"]

1. d4 Nf6 2. Bf4 e6 3. Nf3 d5 4. e3 Bd6 5. Bg3 Ne4 6. Nbd2 Nxg3 7. hxg3 c5 8.
c3 Bd7 9. Bd3 h6 10. dxc5 Bxc5 11. Ne5 Qc7 12. Qh5 Rf8 13. Ndf3 Nc6 14. Nxc6
Bxc6 15. Qg4 e5 16. e4 dxe4 17. Bxe4 Bxe4 18. Qxe4 O-O-O 19. O-O f6 20. b4 Bb6
21. a4 Qc6 22. Qe2 Kb8 23. a5 Bc7 24. b5 Qxc3 25. b6 Bd6 26. bxa7+ Kxa7 27.
Rfc1 Qb4 28. Rab1 Qg4 29. Rxb7+ Kxb7 30. Qb5+ Ka8 31. Qa6+ Kb8 32. Rb1+ Bb4 33.
Qb6+ Kc8 34. Rxb4 Rd1+ 35. Kh2 Qh5+ 36. Nh4 Kd7 37. Qb7+ Ke6 38. Qxg7 Rf7 39.
Qg8 Rdd7 40. Rb6+ Ke7 41. Qc8 Rf8 42. Qc6 Qg4 43. a6 Rd4 44. Rb7+ Rd7 45. Rxd7+
Qxd7 46. Ng6+ 1-0

[Event "2022 Norbert Muller Cup (Division C)"]
[Site "Woodvale, Perth WA AUS"]
[Date "2022.10.19"]
[Round "2"]
[White "Boswarva, Ernest"]
[Black "Hintz, Steven"]
[Result "0-1"]
[EventDate "2022.10.12"]
[EventType "tourn"]
[EventRounds "7"]
[EventCountry "AUS"]
[TimeControl "3600+30"]
[WhiteElo "1518"]
[BlackElo "1588"]
[ECO "D00"]
[PlyCount "56"]

1. d4 d5 2. e3 Nf6 3. Bd3 c6 4. Nd2 Nbd7 5. f4 Nb6 6. b3 Bg4 7. Ngf3 e6 8. Bb2
Bd6 9. O-O O-O 10. Qe1 Bh5 11. Ne5 Bg6 12. Rf3 Qe7 13. Qh4 Rfe8 14. g4 Nfd7 15.
g5 Bxe5 16. Bxg6 fxg6 17. dxe5 Nf8 18. a4 Nbd7 19. Ba3 Qf7 20. c4 Qf5 21. Re1
Qd3 22. Qf2 Qf5 23. e4 Qf7 24. cxd5 cxd5 25. exd5 exd5 26. Qd4 Red8 27. Rc1 Nb8
28. Bb2 Nc6 {Time expired} 0-1

[Event "2022 Norbert Muller Cup (Division C)"]
[Site "Woodvale, Perth WA AUS"]
[Date "2022.10.19"]
[Round "2"]
[White "Leech, Martin"]
[Black "Rolph, Charlie"]
[Result "0-1"]
[EventDate "2022.10.12"]
[EventType "tourn"]
[EventRounds "7"]
[EventCountry "AUS"]
[TimeControl "3600+30"]
[WhiteElo "1512"]
[BlackElo "1734"]
[ECO "C44"]
[PlyCount "62"]

1. e4 e5 2. Nf3 Nc6 3. d4 exd4 4. Bc4 Bc5 5. c3 dxc3 6. Bxf7+ Kxf7 7. Qd5+ Kf8
8. Qxc5+ d6 9. Qxc3 Nf6 10. Nbd2 Qe7 11. O-O Nxe4 12. Nxe4 Qxe4 13. Re1 Qb4 14.
Qe3 Bd7 15. Bd2 Qg4 16. Bc3 Re8 17. Qd2 Bf5 18. Rxe8+ Kxe8 19. Re1+ Kd7 20. h3
Qc4 21. Qg5 Qf7 22. Qd2 Re8 23. Rxe8 Kxe8 24. b4 g6 25. Ng5 Qe7 26. g4 Bd7 27.
Qf4 h6 28. Ne4 g5 29. Nf6+ Kd8 30. Qd2 Ne5 31. Nxd7 Nf3+ 0-1

[Event "2022 Norbert Muller Cup (Division C)"]
[Site "Woodvale, Perth WA AUS"]
[Date "2022.10.19"]
[Round "2"]
[White "Oswald, Franz"]
[Black "Bhatia, Abhay"]
[Result "0-1"]
[EventDate "2022.10.12"]
[EventType "tourn"]
[EventRounds "7"]
[EventCountry "AUS"]
[TimeControl "3600+30"]
[WhiteElo "1571"]
[BlackElo "1598"]
[ECO "D35"]
[PlyCount "94"]

1. d4 d5 2. c4 e6 3. Nc3 Nf6 4. cxd5 exd5 5. Bg5 Bb4 6. e3 Bxc3+ 7. bxc3 h6 8.
Bh4 O-O 9. Bd3 g5 10. Bg3 Nc6 11. Qc2 Qe7 12. h3 Ne4 13. Ne2 f5 14. O-O Nxg3
15. Nxg3 f4 16. exf4 gxf4 17. Nf5 Qg5 18. Nh4 Bxh3 19. Bh7+ Kh8 20. Ng6+ Kg7
21. f3 Rf6 22. Ne5 Nxe5 23. dxe5 Rc6 24. Rf2 Re8 25. Re1 d4 26. c4 b5 27. c5 a5
28. Bd3 Rb8 29. Kh2 Qg3+ 30. Kg1 Kh8 31. Bf5 Rg8 32. Kf1 Bxf5 33. Qxf5 Rxc5 34.
Qf6+ Qg7 35. Qxg7+ Rxg7 36. Rd2 Rd5 37. Re4 c5 38. e6 Re7 39. Rxf4 Rxe6 40.
Rf8+ Kg7 41. Ra8 a4 42. Kf2 c4 43. Rc8 c3 44. Rxc3 dxc3 45. Rxd5 b4 46. Rc5 Rd6
47. g3 Rd2+ 0-1

[Event "2022 Norbert Muller Cup (Division D)"]
[Site "Woodvale, Perth WA AUS"]
[Date "2022.10.19"]
[Round "2"]
[White "Gough, Sebastian"]
[Black "Weijermars, Tristan"]
[Result "0-1"]
[EventDate "2022.10.12"]
[EventType "swiss"]
[TimeControl "3600+30"]
[EventRounds "7"]
[EventCountry "AUS"]
[WhiteElo "1006"]
[BlackElo "1547"]
[ECO "A35"]
[PlyCount "76"]

1. Nf3 c5 2. c4 Nc6 3. e3 g6 4. Nc3 Bg7 5. d4 cxd4 6. exd4 d6 7. Be3 Bg4 8. Be2
e6 9. O-O Nge7 10. Qd2 Nf5 11. a3 Bxf3 12. Bxf3 Nfxd4 13. Bxd4 Nxd4 14. Rad1
Nxf3+ 15. gxf3 O-O 16. Qxd6 Bxc3 17. bxc3 Qa5 18. Qb4 Qg5+ 19. Kh1 b6 20. Rd4
Rfd8 21. Qb5 Qf6 22. Rfd1 Qxf3+ 23. Kg1 Rxd4 24. Rxd4 Qxc3 25. Rd7 Qxa3 26. Qc6
Qf8 27. Qb7 a5 28. Qxb6 a4 29. Qb1 a3 30. Rd1 Qg7 31. Qa2 Qb2 32. Ra1 Kg7 33.
c5 Qc3 34. c6 Qxc6 35. Qb3 Qa4 36. Rxa3 Qxa3 37. Qxa3 Rxa3 38. Kg2 Kf6 0-1

[Event "2022 Norbert Muller Cup (Division D)"]
[Site "Woodvale, Perth WA AUS"]
[Date "2022.10.19"]
[Round "2"]
[White "Walker, Colin"]
[Black "Kwenda, Ridge"]
[Result "0-1"]
[EventDate "2022.10.12"]
[EventType "swiss"]
[TimeControl "3600+30"]
[EventRounds "7"]
[EventCountry "AUS"]
[WhiteElo "1452"]
[BlackElo "1052"]
[ECO "C20"]
[PlyCount "98"]

1. e4 e5 2. g3 Nf6 3. Bg2 Nc6 4. d3 Bb4+ 5. c3 Bc5 6. Be3 Bxe3 7. fxe3 d6 8.
Nd2 Bg4 9. Bf3 Qd7 10. h3 Bxf3 11. Qxf3 b5 12. g4 a5 13. Qe2 b4 14. Ngf3 h6 15.
c4 O-O 16. O-O Qe6 17. b3 Ne8 18. d4 Qg6 19. Nh4 Qg5 20. Ndf3 Qe7 21. d5 Nd8
22. Ng2 Nf6 23. Nd2 Nb7 24. Qf3 Nc5 25. Ne1 a4 26. Rb1 axb3 27. axb3 Ra2 28.
Rf2 Qd8 29. Qg2 Qa8 30. h4 Ra1 31. Rxa1 Qxa1 32. Rf1 Qc3 33. g5 hxg5 34. hxg5
Qxe3+ 35. Kh1 Nfxe4 36. Nef3 Nxd2 37. Nxd2 Nxb3 38. Nxb3 Qxb3 39. Qg4 g6 40.
Rf3 Qb1+ 41. Kg2 Kg7 42. Rf1 Qb2+ 43. Rf2 Qd4 44. Qf3 e4 45. Qf6+ Qxf6 46.
gxf6+ Kh6 47. Rb2 Rb8 48. Kg3 Kg5 49. Rb3 Kf5 0-1

[Event "2022 Norbert Muller Cup (Division D)"]
[Site "Woodvale, Perth WA AUS"]
[Date "2022.10.19"]
[Round "2"]
[White "Hounsome, David"]
[Black "Brooke, John"]
[Result "1-0"]
[EventDate "2022.10.12"]
[EventType "swiss"]
[TimeControl "3600+30"]
[EventRounds "7"]
[EventCountry "AUS"]
[WhiteElo "1359"]
[BlackElo "1360"]
[ECO "A01"]
[PlyCount "91"]

1. b3 e5 2. Bb2 Nc6 3. e3 Nf6 4. Bb5 a6 5. Bxc6 bxc6 6. Bxe5 d6 7. Bb2 Be7 8.
d4 d5 9. Nf3 Bg4 10. O-O c5 11. Qe2 O-O 12. a3 c6 13. Nbd2 Re8 14. Rfe1 Bd6 15.
c4 Qb8 16. h3 Bf5 17. Qd1 Ne4 18. Nxe4 Bxe4 19. Nd2 Bd3 20. Qc1 Bh2+ 21. Kh1
Bd6 22. Qc3 Bg6 23. dxc5 Be5 24. Qc1 Bxb2 25. Qxb2 a5 26. cxd5 cxd5 27. Qd4 Rd8
28. b4 f6 29. Nb3 a4 30. Na5 Qb5 31. Rec1 Be8 32. c6 Rac8 33. Rc5 Qa6 34. Rac1
Rc7 35. Rxd5 Rxd5 36. Qxd5+ Rf7 37. c7 Qc8 38. Qd8 Rxc7 39. Qxc7 Qxc7 40. Rxc7
Kf8 41. Nc6 Bg6 42. b5 Bf5 43. f3 g5 44. e4 Bg6 45. b6 Be8 46. b7 1-0

[Event "2022 Norbert Muller Cup (Division D)"]
[Site "Woodvale, Perth WA AUS"]
[Date "2022.10.19"]
[Round "2"]
[White "Powell, Darren"]
[Black "Watson, Jake"]
[Result "1-0"]
[EventDate "2022.10.12"]
[EventType "swiss"]
[TimeControl "3600+30"]
[EventRounds "7"]
[EventCountry "AUS"]
[WhiteElo "1286"]
[BlackElo "1175"]
[ECO "C26"]
[PlyCount "83"]

1. e4 e5 2. d3 Bc5 3. Nc3 Nf6 4. h3 c6 5. Qe2 O-O 6. Nf3 Re8 7. Bg5 d5 8. Bxf6
Qxf6 9. exd5 Bb4 10. Nd2 Bxc3 11. bxc3 cxd5 12. d4 Qc6 13. Qb5 exd4+ 14. Kd1
Qe6 15. Bd3 dxc3 16. Nf3 h6 17. Re1 Qxe1+ 18. Nxe1 Nc6 19. Qxd5 Nb4 20. Qb5
Nxd3 21. Qxe8+ Kh7 22. Nxd3 Bg4+ 23. hxg4 Rxe8 24. Rb1 b6 25. Rb3 Rc8 26. Ne5
f6 27. Nd3 Kg6 28. Rb5 Rc4 29. f3 Ra4 30. Nc1 Rd4+ 31. Nd3 Rd6 32. Rb3 Rc6 33.
f4 a6 34. f5+ Kg5 35. Nf2 Rd6+ 36. Ke1 Rc6 37. g3 h5 38. Rb4 h4 39. Nh3+ Kh6
40. g5+ fxg5 41. gxh4 gxh4 42. Rxh4# 1-0

[Event "2022 Norbert Muller Cup (Division A)"]
[Site "Woodvale, Perth WA AUS"]
[Date "2022.10.26"]
[Round "3"]
[White "Davoll, Josh"]
[Black "Saxon, Marc"]
[Result "0-1"]
[EventDate "2022.10.12"]
[EventType "tourn"]
[EventRounds "7"]
[EventCountry "AUS"]
[TimeControl "3600+30"]
[WhiteElo "1911"]
[BlackElo "2023"]
[ECO "D55"]
[PlyCount "112"]

1. d4 Nf6 2. Bg5 d5 3. e3 e6 4. c4 Be7 5. Nf3 O-O 6. Nc3 h6 7. Bxf6 Bxf6 8.
cxd5 exd5 9. Bd3 Re8 10. O-O Bg4 11. h3 Be6 12. Bc2 Nc6 13. a3 Qd7 14. Re1 Bf5
15. Rc1 Ne7 16. Nxd5 Nxd5 17. e4 Bxh3 18. gxh3 Nf4 19. Re3 Nxh3+ 20. Kf1 Nf4
21. Ne1 Bxd4 22. Rf3 g5 23. Nd3 Ng6 24. Bb3 Re7 25. Rf5 Nh4 26. Ne5 Bxe5 27.
Qxd7 Rxd7 28. Rxe5 Nf3 29. Rb5 c6 30. Rb4 a5 31. Rb6 Nd2+ 32. Ke2 Nxe4 33. Kf1
Re8 34. Rd1 Nd2+ 35. Kg2 Ree7 36. Bc2 Nc4 37. Rxd7 Rxd7 38. Rb3 Rd2 39. Rc3
Ne3+ 40. Rxe3 Rxc2 41. Rb3 b5 42. Kg3 f5 43. Rf3 f4+ 44. Kg4 Kf7 45. Kh5 Kg7
46. Rd3 Rxf2 47. Rd7+ Kf6 48. Rd6+ Kf5 49. Kxh6 Rh2+ 50. Kg7 f3 51. Rxc6 Ke5
52. Rc5+ Ke4 53. Rxb5 f2 54. Rxa5 f1=Q 55. b4 Qf4 56. Rc5 Rd2 0-1

[Event "2022 Norbert Muller Cup (Division A)"]
[Site "Woodvale, Perth WA AUS"]
[Date "2022.10.26"]
[Round "3"]
[White "Wolstencroft, Alan"]
[Black "Maggs, Derwent"]
[Result "1/2-1/2"]
[EventDate "2022.10.12"]
[EventType "tourn"]
[EventRounds "7"]
[EventCountry "AUS"]
[TimeControl "3600+30"]
[WhiteElo "1900"]
[BlackElo "2340"]
[ECO "B90"]
[PlyCount "45"]

1. e4 c5 2. Nf3 d6 3. d4 cxd4 4. Nxd4 Nf6 5. Nc3 a6 6. Be3 e5 7. Nb3 Be6 8. f3
h5 9. Qd2 Nbd7 10. O-O-O Qc7 11. Kb1 Be7 12. Nd5 Nxd5 13. exd5 Bf5 14. Bd3 Bxd3
15. Qxd3 Rc8 16. Nd2 b5 17. g4 hxg4 18. fxg4 Rh3 19. Ne4 Nb6 20. Bxb6 Rxd3 21.
Bxc7 Rxd1+ 22. Rxd1 Rxc7 23. b3 1/2-1/2

[Event "2022 Norbert Muller Cup (Division A)"]
[Site "Woodvale, Perth WA AUS"]
[Date "2022.10.26"]
[Round "3"]
[White "Maris, Rob"]
[Black "Gibson, Jacob"]
[Result "1/2-1/2"]
[EventDate "2022.10.12"]
[EventType "tourn"]
[EventRounds "7"]
[EventCountry "AUS"]
[TimeControl "3600+30"]
[WhiteElo "2072"]
[BlackElo "1917"]
[ECO "A12"]
[PlyCount "51"]

1. c4 c6 2. Nf3 d5 3. e3 Nf6 4. b3 Bf5 5. Be2 e6 6. Bb2 Bd6 7. O-O Nbd7 8. d4
Qc7 9. cxd5 exd5 10. Nc3 O-O 11. Rc1 a6 12. h3 Rfe8 13. Nh4 Be4 14. Bd3 Bxd3
15. Qxd3 Ne4 16. Nxd5 Bh2+ 17. Kh1 Nxf2+ 18. Rxf2 Qg3 19. Rf3 Qxh4 20. Nf4 Bxf4
21. Rxf4 Qg3 22. Rf3 Qg5 23. e4 Rad8 24. Qe3 Qxe3 25. Rxe3 Nf6 26. Rce1 1/2-1/2

[Event "2022 Norbert Muller Cup (Division B)"]
[Site "Woodvale, Perth WA AUS"]
[Date "2022.11.28"]
[Round "3"]
[White "Gough, Dylan"]
[Black "Clarke, Daniel"]
[Result "0-1"]
[EventDate "2022.10.12"]
[EventType "tourn"]
[EventRounds "7"]
[EventCountry "AUS"]
[TimeControl "3600+30"]
[WhiteElo "1727"]
[BlackElo "1834"]
[ECO "D31"]
[PlyCount "96"]

{Played at State Library of Western Australia} 1. d4 d5 2. c4 e6 3. Nc3 Nf6 4.
g3 dxc4 5. Nf3 c6 6. a4 Bb4 7. Qc2 O-O 8. Bd2 Nbd7 9. e3 Bxc3 10. Bxc3 b5 11.
Bg2 Bb7 12. a5 a6 13. O-O c5 14. dxc5 Nxc5 15. Rfd1 Be4 16. Rxd8 Bxc2 17. Rxf8+
Rxf8 18. Bb4 Nb3 19. Bxf8 Nxa1 20. Bb4 Nd5 21. Be1 b4 22. Nd4 c3 23. bxc3 b3
24. Nxb3 Nxb3 25. c4 Nf6 26. Bb4 Ne4 27. Bf1 Nec5 28. Be2 Bd3 29. Bxd3 Nxd3 30.
Bc3 Kf8 31. Kf1 Nbc5 32. Ke2 Ke7 33. f3 f6 34. e4 Ne5 35. Ke3 Nb3 36. Bb4+ Kd7
37. Bf8 g6 38. c5 Nc4+ 39. Kd3 Ncxa5 40. Kc3 Kc6 41. Kb4 f5 42. exf5 exf5 43.
g4 fxg4 44. fxg4 Kd5 45. Be7 Nc6+ 46. Kxb3 Nxe7 47. Kb4 Kc6 48. h4 a5+ 0-1

[Event "2022 Norbert Muller Cup (Division B)"]
[Site "Woodvale, Perth WA AUS"]
[Date "2022.11.08"]
[Round "3"]
[White "Garang, Kuol Awan"]
[Black "Stortz, Robert"]
[Result "0-1"]
[EventDate "2022.10.12"]
[EventType "tourn"]
[EventRounds "7"]
[EventCountry "AUS"]
[TimeControl "3600+30"]
[WhiteElo "1666"]
[BlackElo "1838"]
[ECO "B10"]
[PlyCount "96"]

{Played away from club} 1. e4 c6 2. f4 e5 3. Nf3 exf4 4. d4 d5 5. exd5 Bd6 6.
Bc4 cxd5 7. Bxd5 Bb4+ 8. c3 Qxd5 9. cxb4 Ne7 10. O-O O-O 11. Bxf4 Nbc6 12. Nc3
Qc4 13. a3 Bg4 14. Bd6 Rfe8 15. d5 Nd4 16. Qxd4 Qc8 17. Rae1 Bxf3 18. Bxe7 Qd7
19. Rxf3 Rxe7 20. Ref1 Rae8 21. d6 Re6 22. Rg3 g6 23. Nd5 Qxd6 24. Nf6+ Rxf6
25. Qxf6 Qd7 26. Rd3 Qc7 27. h4 h5 28. Rdf3 Re7 29. Qc3 Qd6 30. Qc5 Qe6 31. b3
b6 32. Qc4 Qd7 33. Rg3 Qd6 34. Rg5 a6 35. Rd5 Qg3 36. Rd8+ Kg7 37. Qc3+ Qxc3
38. Ra8 Re1 39. Rxe1 Qxe1+ 40. Kh2 Qxh4+ 41. Kg1 Qd4+ 42. Kh2 Qd6+ 43. Kh3 b5
44. a4 Qxb4 45. Rxa6 Qxb3+ 46. g3 bxa4 47. Ra5 a3 48. Kh4 Qb4+ 0-1

[Event "2022 Norbert Muller Cup (Division B)"]
[Site "Woodvale, Perth WA AUS"]
[Date "2022.10.26"]
[Round "3"]
[White "Doshi, Chirag"]
[Black "Janceski, Alex"]
[Result "1-0"]
[EventDate "2022.10.12"]
[EventType "tourn"]
[EventRounds "7"]
[EventCountry "AUS"]
[TimeControl "3600+30"]
[WhiteElo "1831"]
[BlackElo "1886"]
[ECO "B21"]
[PlyCount "88"]

1. e4 c5 2. f4 d6 3. Nf3 Nc6 4. Bb5 Bd7 5. O-O a6 6. Bxc6 Bxc6 7. d3 e6 8. c4
Qc7 9. Nc3 Nf6 10. e5 Nd7 11. Qe2 dxe5 12. fxe5 Bxf3 13. Qxf3 Nxe5 14. Qg3
O-O-O 15. Bf4 f6 16. Rae1 h5 17. Bxe5 fxe5 18. Qxe5 Bd6 19. Qxe6+ Kb8 20. Rf7
Qc6 21. Qf5 Rhf8 22. Rxf8 Rxf8 23. Qxh5 Qd7 24. g3 Ka7 25. Qe2 Rf6 26. Nd5 Rh6
27. Qf2 Rh5 28. Qd2 b6 29. Qe2 Re5 30. Qf2 Rf5 31. Qg2 Rh5 32. Rf1 Be5 33. Qf3
Bd4+ 34. Kh1 Re5 35. b3 Re6 36. Qh5 Bf6 37. Qf5 Qd6 38. Qf4 Qc6 39. h3 Kb7 40.
Kh2 b5 41. Rf2 b4 42. Qf3 Ka7 43. Nxf6 Qxf3 44. Rxf3 gxf6 {Game continued for
several moves} 1-0

[Event "2022 Norbert Muller Cup (Division B)"]
[Site "Woodvale, Perth WA AUS"]
[Date "2022.10.26"]
[Round "3"]
[White "O'Shaughnessy, Dave"]
[Black "Leonhardt, Wolfgang"]
[Result "1-0"]
[EventDate "2022.10.12"]
[EventType "tourn"]
[EventRounds "7"]
[EventCountry "AUS"]
[TimeControl "3600+30"]
[WhiteElo "1788"]
[BlackElo "1776"]
[ECO "C10"]
[PlyCount "81"]

1. Nf3 Nc6 2. d4 e6 3. e4 d5 4. Nc3 Bb4 5. e5 a6 6. Bd3 h6 7. h4 Nce7 8. a3 Ba5
9. b4 Bb6 10. h5 Nf5 11. Ne2 Bd7 12. g4 Nfe7 13. Nc3 Kf8 14. Be3 c6 15. Nh4 a5
16. Rb1 axb4 17. axb4 Ra3 18. Ne2 Qa8 19. c3 f6 20. f4 Ke8 21. Bd2 Kd8 22. Kf2
fxe5 23. fxe5 Kc7 24. Kg3 Nf5+ 25. gxf5 exf5 26. Bxf5 Ne7 27. Bxd7 Kxd7 28. Ra1
Rxa1 29. Qxa1 Qe8 30. Nf3 Nf5+ 31. Kg2 g5 32. Qb1 Ke6 33. Ng3 Rf8 34. Nxf5 Rxf5
35. Qd3 Bd8 36. Kg3 Qf7 37. Qe2 g4 38. Ng1 Bg5 39. Bxg5 Rxg5 40. Rh4 Rxh5 41.
Rxh5 1-0

[Event "2022 Norbert Muller Cup (Division C)"]
[Site "Woodvale, Perth WA AUS"]
[Date "2022.10.26"]
[Round "3"]
[White "Browning, Thomas"]
[Black "Boswarva, Ernest"]
[Result "1-0"]
[EventDate "2022.10.12"]
[EventType "tourn"]
[EventRounds "7"]
[EventCountry "AUS"]
[TimeControl "3600+30"]
[WhiteElo "1554"]
[BlackElo "1518"]
[ECO "B07"]
[PlyCount "73"]

1. e4 d6 2. Nf3 Nd7 3. d4 Ngf6 4. Bd3 e5 5. c3 Be7 6. O-O c6 7. Be3 h6 8. h3 g5
9. Nh2 Nf8 10. Nd2 Ng6 11. dxe5 dxe5 12. Bc4 b5 13. Be2 Nf4 14. Bxf4 gxf4 15.
Ndf3 Qc7 16. Nh4 Nxe4 17. Qd3 Nxf2 18. Rxf2 Bxh4 19. Rff1 Rg8 20. Ng4 h5 21.
Qh7 Rg5 22. Nf6+ Ke7 23. Ng8+ Kf8 24. Nf6 Bxh3 25. Bf3 Ke7 26. Ne4 Bf5 27. Qh6
Bxe4 28. Bxe4 Rag8 29. Rad1 f6 30. Rd2 Qb6+ 31. Kh1 Qe3 32. Rfd1 Qxe4 33. Rd7+
Ke6 34. R1d6+ Kf5 35. Qh7+ R5g6 36. Qxh5+ Bg5 37. Qh3# 1-0

[Event "2022 Norbert Muller Cup (Division C)"]
[Site "Woodvale, Perth WA AUS"]
[Date "2022.11.06"]
[Round "3"]
[White "Bhatia, Abhay"]
[Black "De Vas, Yonal"]
[Result "0-1"]
[EventDate "2022.10.12"]
[EventType "tourn"]
[EventRounds "7"]
[EventCountry "AUS"]
[TimeControl "3600+30"]
[WhiteElo "1598"]
[BlackElo "1543"]
[ECO "B27"]
[PlyCount "54"]

{Played away from club} 1. e4 c5 2. Nf3 g6 3. c3 d5 4. e5 Bg7 5. d4 cxd4 6.
cxd4 a6 7. h3 Nc6 8. Bf4 Bf5 9. Bd3 Qb6 10. Bxf5 Qxb2 11. Bd7+ Kxd7 12. Nbd2
Nxd4 13. Qa4+ Nc6 14. Rb1 b5 15. Qd1 Qxa2 16. O-O e6 17. Ne4 Qc4 18. Nfd2 Qd4
19. Nb3 Qxd1 20. Nec5+ Ke8 21. Rfxd1 Bxe5 22. Bxe5 Nxe5 23. Nb7 Nc4 24. Rd4 Nf6
25. g4 Kf8 26. N3c5 Kg7 27. g5 Ne4 0-1

[Event "2022 Norbert Muller Cup (Division C)"]
[Site "Woodvale, Perth WA AUS"]
[Date "2022.10.26"]
[Round "3"]
[White "Rolph, Charlie"]
[Black "Oswald, Franz"]
[Result "0-1"]
[EventDate "2022.10.12"]
[EventType "tourn"]
[EventRounds "7"]
[EventCountry "AUS"]
[TimeControl "3600+30"]
[WhiteElo "1734"]
[BlackElo "1571"]
[ECO "B13"]
[PlyCount "50"]

1. e4 c6 2. d4 d5 3. exd5 cxd5 4. Bf4 Nc6 5. c3 e6 6. Bd3 Bd6 7. Bxd6 Qxd6 8.
Qg4 g6 9. f4 Nxd4 10. cxd4 Qb4+ 11. Nc3 Qxb2 12. Qd1 Qxc3+ 13. Kf1 Qc7 14. Ne2
Ne7 15. Rc1 Nc6 16. g3 Bd7 17. Nc3 Rc8 18. Bb5 Qb6 19. Rb1 Qxd4 20. Qxd4 Nxd4
21. Bxd7+ Kxd7 22. Rxb7+ Rc7 23. Rxc7+ Kxc7 24. Kf2 Rb8 25. Rc1 Kd7 0-1

[Event "2022 Norbert Muller Cup (Division C)"]
[Site "Woodvale, Perth WA AUS"]
[Date "2022.10.26"]
[Round "3"]
[White "Hintz, Steven"]
[Black "Leech, Martin"]
[Result "1-0"]
[EventDate "2022.10.12"]
[EventType "tourn"]
[EventRounds "7"]
[EventCountry "AUS"]
[TimeControl "3600+30"]
[WhiteElo "1588"]
[BlackElo "1512"]
[ECO "D46"]
[PlyCount "119"]

1. d4 d5 2. c4 c6 3. Nf3 Nf6 4. e3 e6 5. Nc3 Nbd7 6. Qc2 Bd6 7. Bd3 dxc4 8.
Bxc4 b5 9. Bd3 a6 10. a3 c5 11. dxc5 Nxc5 12. Be2 Bb7 13. b4 Ncd7 14. Qd2 Bc7
15. Bb2 O-O 16. O-O Re8 17. Rac1 Rc8 18. Bd1 Qe7 19. Qe2 Red8 20. Bb3 h6 21.
Rfd1 Ne5 22. Nxe5 Bxe5 23. Nb1 Bc7 24. Nd2 Rd7 25. Nf3 Rcd8 26. Ne5 Rxd1+ 27.
Rxd1 Rxd1+ 28. Qxd1 Nd5 29. e4 Nf4 30. g3 Nh3+ 31. Kg2 Ng5 32. f3 Qf6 33. Nd3
Qg6 34. Nc5 Bc8 35. e5 h5 36. f4 Nh7 37. Bc2 Qh6 38. Qf3 Nf8 39. Qa8 g5 40.
Qxc8 Bb6 41. Nd7 Be3 42. Qxf8+ Qxf8 43. Nxf8 Kxf8 44. Kf3 gxf4 45. gxf4 Bg1 46.
h3 Ke7 47. a4 Kd7 48. axb5 axb5 49. Ke4 Kc6 50. Bb3 Bf2 51. Bc3 h4 52. f5 Kd7
53. fxe6+ fxe6 54. Kf4 Ke7 55. Bc2 Kd7 56. Bd3 Kc6 57. Kg5 Bg3 58. Kf6 Kd7 59.
Bxb5+ Kd8 60. Kxe6 1-0

[Event "2022 Norbert Muller Cup (Division D)"]
[Site "Woodvale, Perth WA AUS"]
[Date "2022.10.26"]
[Round "3"]
[White "Massam, Justin"]
[Black "Kwenda, Ridge"]
[Result "1-0"]
[EventDate "2022.10.12"]
[EventType "swiss"]
[TimeControl "3600+30"]
[EventRounds "7"]
[EventCountry "AUS"]
[WhiteElo "1446"]
[BlackElo "1052"]
[ECO "D02"]
[PlyCount "59"]

1. d4 d5 2. Nf3 Nc6 3. Bf4 g6 4. e3 Nf6 5. Nbd2 Bg7 6. c3 O-O 7. Bd3 Bg4 8. h3
Bxf3 9. Nxf3 e6 10. O-O Qe7 11. Re1 Nh5 12. Bh2 a5 13. a4 e5 14. dxe5 Nxe5 15.
Be2 Nxf3+ 16. Bxf3 Nf6 17. Qb3 c6 18. Rad1 Nd7 19. Qxb7 Rfc8 20. c4 Qe6 21.
cxd5 Qe8 22. dxc6 Be5 23. cxd7 Bxh2+ 24. Kxh2 Qe5+ 25. Kg1 Rd8 26. Re2 Rab8 27.
Qd5 Qxd5 28. Rxd5 Rb4 29. Rc2 Rb7 30. Rc8 1-0

[Event "2022 Norbert Muller Cup (Division D)"]
[Site "Woodvale, Perth WA AUS"]
[Date "2022.10.26"]
[Round "3"]
[White "Lanham, Bruce"]
[Black "Hounsome, David"]
[Result "0-1"]
[EventDate "2022.10.12"]
[EventType "swiss"]
[TimeControl "3600+30"]
[EventRounds "7"]
[EventCountry "AUS"]
[WhiteElo "1154"]
[BlackElo "1359"]
[ECO "E16"]
[PlyCount "100"]

1. d4 d5 2. Nf3 Nf6 3. g3 b6 4. Bg2 Bb7 5. O-O Nbd7 6. c4 e6 7. Nc3 Be7 8. Nd2
O-O 9. cxd5 exd5 10. e4 dxe4 11. Re1 Bb4 12. Ndxe4 Nxe4 13. Bxe4 Bxe4 14. Rxe4
Nf6 15. Re2 Qd7 16. a3 Bxc3 17. bxc3 c5 18. Be3 Rad8 19. Rd2 Qe7 20. a4 cxd4
21. cxd4 Rd7 22. Qb3 Nd5 23. Ra3 Rc8 24. Qb2 Rc4 25. a5 Rdc7 26. axb6 axb6 27.
Ra8+ Rc8 28. Rxc8+ Rxc8 29. Qb3 Rc1+ 30. Rd1 Rxd1+ 31. Qxd1 Nxe3 32. Qe2 Nd5
33. Qxe7 Nxe7 34. Kf1 f5 35. Ke2 Kf7 36. Kd3 Nd5 37. f4 b5 38. h3 h5 39. h4 Ke6
40. Kd2 Kd6 41. Kc2 Kc6 42. Kb3 Kb6 43. Kb2 Ka5 44. Ka3 b4+ 45. Kb3 Kb5 46. Kb2
Kc4 47. Kc2 Kxd4 48. Kb3 Kc5 49. Kb2 Ne3 50. Kb3 Nf1 0-1

[Event "2022 Norbert Muller Cup (Division D)"]
[Site "Woodvale, Perth WA AUS"]
[Date "2022.10.26"]
[Round "3"]
[White "De Vas, Senudi"]
[Black "Walker, Colin"]
[Result "1-0"]
[EventDate "2022.10.12"]
[EventType "swiss"]
[TimeControl "3600+30"]
[EventRounds "7"]
[EventCountry "AUS"]
[WhiteElo "1129"]
[BlackElo "1452"]
[ECO "A45"]
[PlyCount "123"]

1. d4 e6 2. c4 Nf6 3. e3 Be7 4. Nf3 d6 5. Bd3 Nc6 6. O-O h6 7. Nc3 a6 8. b3 Na7
9. Bb2 d5 10. Re1 c6 11. e4 O-O 12. e5 Nh7 13. Qc2 f5 14. Rac1 Bd7 15. cxd5
cxd5 16. Nb1 Nc6 17. Ba3 Bxa3 18. Nxa3 Rc8 19. Qd2 Qb6 20. Be2 Qd8 21. b4 Qe7
22. Nc2 Na7 23. Ne3 Bc6 24. Rc3 Ng5 25. Nxg5 Qxg5 26. Nf1 Qxd2 27. Nxd2 Nb5 28.
Bxb5 Bxb5 29. Rec1 Bc6 30. a4 Ra8 31. a5 Rac8 32. Nf3 Rf7 33. h3 Rcc7 34. b5
axb5 35. a6 Rcd7 36. a7 Rf8 37. Ra1 Ra8 38. Nd2 Re7 39. Nb3 Be8 40. Rc8 Rxc8
41. a8=Q Rxa8 42. Rxa8 Kf7 43. Nc5 Bc6 44. Ra7 Kg6 45. Kf1 Kg5 46. Nd3 Kg6 47.
Nf4+ Kf7 48. Ke2 b4 49. Kd3 Bb5+ 50. Kc2 Ba6 51. Ra8 Rc7+ 52. Kb3 Rc4 53. Rd8
Ke7 54. Rd6 Rxd4 55. Nxe6 Re4 56. Nxg7 Rxe5 57. Rxh6 Re2 58. Nxf5+ Kd7 59. Rh7+
Ke6 60. Nd4+ Kd6 61. Nxe2 Bxe2 62. Rxb7 1-0

[Event "2022 Norbert Muller Cup (Division D)"]
[Site "Woodvale, Perth WA AUS"]
[Date "2022.10.26"]
[Round "6"]
[White "Markou, Victor"]
[Black "Brooke, John"]
[Result "1-0"]
[EventDate "2022.10.12"]
[EventType "swiss"]
[TimeControl "3600+30"]
[EventRounds "7"]
[EventCountry "AUS"]
[WhiteElo "1064"]
[BlackElo "1360"]
[ECO "B30"]
[PlyCount "90"]

1. e4 c5 2. Nf3 Nc6 3. d3 e5 4. g3 d6 5. Bg2 Be7 6. O-O Nf6 7. Re1 Bd7 8. Nbd2
b5 9. Nf1 Ng4 10. Ne3 Nxe3 11. Bxe3 b4 12. Rc1 a5 13. c3 Qb8 14. d4 bxc3 15.
bxc3 a4 16. Qd2 Na5 17. Qe2 Bb5 18. Qd1 Nc4 19. Bf1 Qc7 20. Nd2 Nb2 21. Bxb5+
Kf8 22. Qc2 a3 23. d5 f6 24. Nc4 Nxc4 25. Bxc4 Kf7 26. f4 Rhb8 27. Rb1 Rc8 28.
fxe5 dxe5 29. d6+ Kf8 30. dxc7 Rxc7 31. Qd2 g5 32. Qd5 Kg7 33. Qxa8 Kh6 34. Qe8
Kg7 35. Qg8+ Kh6 36. h4 Rd7 37. Qe8 Rc7 38. hxg5+ fxg5 39. g4 Kg7 40. Qg8+ Kh6
41. Qe8 Kg7 42. Qf7+ Kh6 43. Kg2 Bd6 44. Qh5+ Kg7 45. Bxg5 Bf8 1-0